 Dungeon Crawl Stone Soup version 0.31.0-12-g77e489cdc1 (webtiles) character file.

Game seed: 8540199666398057471

19791 aimeelou the Spry (level 12, -12/58 HPs)
             Began as a Felid Shapeshifter on Feb 26, 2024.
             Was a Priest of Dithmenos.
             Mangled by a skyshark (14 damage)
             ... on level 4 of the Lair of Beasts on Feb 27, 2024.
             The game lasted 00:47:40 (14309 turns).

aimeelou the Spry (Felid Shapeshifter)             Turns: 14309, Time: 00:47:41

Health: -12/58     AC:  3    Str: 10    XL:     12   Next: 39%
Magic:  13/13      EV: 33    Int: 20    God:    Dithmenos [***...]
Gold:   930        SH:  0    Dex: 21    Spells: 11/11 levels left
                                        Lives:  0   Deaths: 4

rFire   . .          .
                       - Unarmed
rCold   + . .        (shield unavailable)
rNeg    . . .        (body armour unavailable)
rPois   +            (helmet unavailable)
rElec   .            (cloak unavailable)
rCorr   .            (gloves unavailable)
SInv    +            (boots unavailable)
Will    +....        f - amulet of the acrobat
Stlth   +++++++      p - ring of poison resistance
HPRegen 0.29/turn    q - +6 ring of intelligence
MPRegen 0.13/turn

%: acrobat
@: mighty, beast-form, wreathed by umbra
A: beast (slay +3), very small, claws 1, fangs 3, see invisible, shaggy fur 3,
stealthy paws, no weapons or thrown items, no armour, multi-lived
a: Begin Untransformation, Renounce Religion, Shadow Step


You were on level 4 of the Lair of Beasts.
You worshipped Dithmenos.
Dithmenos was most pleased with you.
You were a hulking beast.
You visited 3 branches of the dungeon, and saw 16 of its levels.

You collected 1055 gold pieces.
You spent 125 gold pieces at shops.

Inventory:

Jewellery
 f - an amulet of the acrobat (around neck)
 p - a ring of poison resistance (left paw)
 q - a +6 ring of intelligence (right paw)
Talismans
 b - a beast talisman
 s - a maw talisman
Wands
 d - a wand of flame (28)
 h - a wand of iceblast (7)
 l - a wand of paralysis (19)
 n - a wand of digging (7)
 u - a wand of quicksilver (9)
 z - a wand of mindburst (8)
Scrolls
 e - 5 scrolls of identify
 k - a scroll of teleportation
 o - a scroll of fog
 t - a scroll of vulnerability
 y - a scroll of amnesia
Potions
 a - a potion of lignification
 g - 4 potions of magic
 i - 6 potions of brilliance
 r - 2 potions of cancellation
 A - 2 potions of haste
Miscellaneous
 m - a box of beasts


   Skills:
 + Level 3.7 Fighting
 * Level 17.4 Dodging
 + Level 12.0 Stealth
 + Level 14.1 Unarmed Combat
 + Level 2.1 Evocations
 + Level 6.5 Shapeshifting


You had 11 spell levels left.
You didn't know any spells.
Your spell library contained the following spells:

 Spells                   Type           Power      Damage    Failure   Level
 Blink                    Tloc           0%         N/A       28%         2
 Lesser Beckoning         Tloc           0%         N/A       28%         2
 Momentum Strike          Conj/Tloc      0%         3d8       28%         2
 Fugue of the Fallen      Necr           0%         N/A       50%         3
 Ozocubu's Armour         Ice            0%         N/A       50%         3
 Leda's Liquefaction      Alch/Erth      0%         N/A       88%         4
 Manifold Assault         Tloc           0%         N/A       88%         4
 Lee's Rapid Deconstruct  Erth           0%         3d4*      99%         5
 Bombard                  Conj/Erth      0%         9d1       100%        6
 Dispersal                Tloc           0%         N/A       100%        6
 Disjunction              Tloc           0%         N/A       100%        8


Dungeon Overview and Level Annotations

Branches:
Dungeon (11/15)            Temple (1/1) D:4            Lair (4/5) D:11
  Swamp (0/4) Lair:3
  Snake: Lair:2-3    Spider: Lair:2-3     Slime: Lair:4-5       Orc: D:9-12

Altars:
Ashenzari
Cheibriados
Dithmenos
Elyvilon
Fedhas
Gozag
Hepliaklqana
Kikubaaqudgha
Makhleb
Nemelex Xobeh
Okawaru
Qazlal
Ru
Sif Muna
Trog
Uskayaw
Vehumet
Wu Jian
Xom
Yredelemnul
Zin
The Shining One

Shops:
D:5 =[:[[   D:7 [   D:8 !   D:10 !

Annotations:
D:6 Maggie
D:10 exclusion: 2 yaks
Lair:4 exclusion: death yak


Innate Abilities, Weirdness & Mutations

You are a hulking beast.
Your limbs bulge with bestial killing power. (Slay +3)
You have sharp claws.
You have razor-sharp teeth.
You have supernaturally acute eyesight. (SInv)
Your thick and shaggy fur keeps you warm. (AC +3, rC+)
Your paws help you pounce on unaware monsters.
You are incapable of wielding weapons or throwing items.
You cannot wear armour.
You gain extra lives every three experience levels.


Message History

You barely miss the skyshark.
The skyshark is heavily wounded.
The bullfrog completely misses you. The skyshark completely misses you. x2
The skyshark tail-slaps you.
You barely miss the skyshark.
You bite the skyshark, but do no damage.
The skyshark is heavily wounded.
The bullfrog barely misses you. The skyshark bites you!!
* * * LOW HITPOINT WARNING * * *
The skyshark completely misses you. The skyshark closely misses you.
You mangle the skyshark!! You bite the skyshark.
The skyshark is severely wounded.
The bullfrog completely misses you. The skyshark misses you.
The skyshark tail-slaps you but does no damage.
The skyshark barely misses you. The bullfrog misses you.
You barely miss the skyshark. You bite the skyshark.
The skyshark is severely wounded.
The skyshark completely misses you. x3; The bullfrog completely misses you.
You barely miss the skyshark.
The skyshark is severely wounded.
The skyshark completely misses you. The skyshark misses you.
The skyshark completely misses you. The bullfrog misses you.
You completely miss the skyshark.
You bite the skyshark, but do no damage.
The skyshark is severely wounded.
The skyshark completely misses you. The skyshark tail-slaps you.
* * * LOW HITPOINT WARNING * * *
The skyshark completely misses you. The bullfrog completely misses you.
You scratch the skyshark.
The skyshark is severely wounded.
The skyshark barely misses you. The skyshark completely misses you.
The skyshark tail-slaps you!
* * * LOW HITPOINT WARNING * * *
The bullfrog completely misses you. The skyshark completely misses you. x2
The skyshark misses you.
You feel very mighty all of a sudden. The bullfrog hits you.
* * * LOW HITPOINT WARNING * * *
The skyshark bites you!
You die...

#### #....### ##...## ##+##.#.##
##......### ##....# #........#
##.........###....####
#.?.....####.......P#........#...
#...>...+ .........P##....#..#..P
#.......# #......######.#...P...
'.......# ##.....P# ##......P..
........# ##..FP# #....#.....
###.P.### #..h.# ####.##...#
#.....# ######..F## ####..P#
...#######.#P..+.#.##### ###....
#....##..............F.# #.##.#.
........#.+.[.........#####......
..."......#............#.........
....≈.≈.#........................
....≈[≈...P...........+.......<..
....≈.≈.+.............###.#......


You could see a skyshark (berserk) and a bullfrog.

Vanquished Creatures
  Rupert (Lair:4)
  A hydra (Lair:4)
  2 skysharks
  Pikel (D:5)
  6 elephants
  A black mamba (Lair:1)
  4 komodo dragons (Lair:3)
  4 cane toads
  A rime drake (Lair:4)
  An unseen horror (D:11)
  A troll (D:11)
  A hornet (Lair:3)
  3 polar bears
  15 blink frogs
  Prince Ribbit (Lair:2)
  5 dream sheep (Lair:4)
  Sigmund (D:5)
  3 wyverns
  7 yaks
  2 basilisks
  2 vampire mosquitoes (D:10)
  2 steam dragons (D:10)
  Edmund (D:5)
  An acid dragon (D:10)
  7 water moccasins
  An orc warrior (D:6)
  A black bear (D:5)
  2 ice beasts
  5 centaurs
  3 phantoms
  2 kobold brigands
  2 lemures (D:5)
  4 bullfrogs
  A gnoll sergeant (D:10)
  2 scorpions
  12 killer bees
  6 howler monkeys
  2 bombardier beetles
  4 hounds
  A jelly (D:7)
  A gnoll bouda (D:8)
  An orc priest (D:7)
  2 iguanas
  A sleepcap (D:6)
  Jessica (D:2)
  7 orc wizards
  9 adders
  12 gnolls
  A white imp (D:6)
  3 dart slugs
  A ribbon worm (D:5)
  20 orcs
  6 endoplasms
  4 giant cockroaches
  7 goblins
  8 hobgoblins
  11 kobolds
  4 quokkas
  6 ball pythons
  4 bats
  7 frilled lizards
  8 rats
246 creatures vanquished.

Vanquished Creatures (others)
  A jackal (D:2)
1 creature vanquished.

Grand Total: 247 creatures vanquished

Notes
Turn   | Place    | Note
-------+----------+-------------------------------------------
     0 | D:1      | aimeelou the Felid Shapeshifter began the quest for the
                  | Orb.
     0 | D:1      | Reached XP level 1. HP: 10/10 MP: 2/2
   330 | D:1      | Reached XP level 2. HP: 14/14 MP: 3/3
   850 | D:2      | Reached XP level 3. HP: 18/18 MP: 4/4
   855 | D:2      | Noticed Jessica
   860 | D:2      | Killed Jessica
   861 | D:2      | Reached skill level 3 in Dodging
   861 | D:2      | Reached skill level 1 in Stealth
   885 | D:2      | You fall into a shaft and drop 1 floor!
   949 | D:3      | Reached XP level 4. HP: 21/22 MP: 5/5
   949 | D:3      | Gained a life (2 lives remaining)
   992 | D:3      | Identified the +1 whip "Hydra's Foe" {flame, Dex+2}
  1541 | D:3      | Found a snail-covered altar of Cheibriados.
  1559 | D:3      | Identified the +4 mace "Larius" {flame, Fly rN+ Dex+3 SInv}
  1698 | D:3      | Found a glowing golden altar of the Shining One.
  1740 | D:3      | Found a stormy altar of Qazlal.
  1740 | D:3      | Found an iron altar of Okawaru.
  2247 | D:4      | Reached XP level 5. HP: 23/25 MP: 6/6
  2312 | D:4      | Noticed a phantom
  2328 | D:4      | Killed a phantom
  2329 | D:4      | Reached skill level 5 in Unarmed Combat
  2406 | D:4      | Found a sacrificial altar of Ru.
  2736 | D:4      | Found a staircase to the Ecumenical Temple.
  2757 | Temple   | Entered the Ecumenical Temple
  2816 | Temple   | Became a worshipper of Dithmenos the Shadowed
  2884 | D:4      | Noticed a phantom
  2898 | D:4      | Killed a phantom
  2899 | D:4      | Gained mutation: You are covered in thick fur. (AC +2)
                  | [Felid growth]
  2899 | D:4      | Reached XP level 6. HP: 14/30 MP: 7/7
  2916 | D:4      | Reached skill level 4 in Dodging
  3298 | D:4      | Identified a scroll of acquirement
  3298 | D:4      | Acquired a manual of Dodging
  3462 | D:5      | Entered Level 5 of the Dungeon
  3526 | D:5      | Found Ykkuisaw's Jewellery Emporium.
  3632 | D:5      | Noticed Pikel
  3637 | D:5      | Found Nicef's Armour Shop.
  3637 | D:5      | Noticed Sigmund
  3649 | D:5      | Killed Sigmund
  3650 | D:5      | Reached XP level 7. HP: 15/33 MP: 8/8
  3732 | D:5      | Found Vateifan's Antique Armour Emporium.
  3804 | D:5      | Found Bavveta's Book Shop.
  3834 | D:5      | Killed Pikel
  3835 | D:5      | Reached skill level 5 in Dodging
  3835 | D:5      | Reached skill level 5 in Stealth
  3835 | D:5      | Reached XP level 8. HP: 39/39 MP: 9/9
  3873 | D:5      | Noticed Edmund
  3891 | D:5      | HP: 1/39 [Edmund/+2 flail of protection (11)]
  3893 | D:5      | Killed Edmund
  3901 | D:5      | Reached skill level 6 in Dodging
  4040 | D:5      | Found Raklo's Armour Shop.
  4112 | D:5      | Reached skill level 1 in Evocations
  4317 | D:6      | HP: 1/39 [ice beast (11)]
  4732 | D:6      | Reached * piety under Dithmenos
  4867 | D:6      | Reached skill level 7 in Dodging
  5242 | D:6      | Noticed Maggie
  5244 | D:6      | Noticed a cyclops
  5254 | D:6      | HP: 1/39 [Maggie/+1 heavy morningstar (21)]
  5254 | D:6      | Hit by a large rock thrown by a cyclops
  5254 | D:6      | Lost a life (1 life remaining)
  5529 | D:7      | Reached XP level 9. HP: 17/43 MP: 10/10
  5529 | D:7      | Gained a life (2 lives remaining)
  5535 | D:7      | Reached skill level 8 in Dodging
  5703 | D:7      | Found an opulent altar of Gozag.
  5978 | D:7      | Found Ethor's Armour Boutique.
  6144 | D:7      | Found a burning altar of Makhleb.
  6825 | D:8      | Found a blossoming altar of Fedhas.
  6940 | D:8      | Found Acoerem's Distillery.
  6951 | D:8      | Bought a potion of curing for 45 gold pieces
  7682 | D:9      | Reached skill level 10 in Unarmed Combat
  7873 | D:9      | Noticed a centaur warrior
  8106 | D:9      | HP: 1/43 [centaur warrior (3)]
  8106 | D:9      | Slain by a centaur
  8106 | D:9      | Lost a life (1 life remaining)
  8269 | D:10     | Entered Level 10 of the Dungeon
  8269 | D:10     | Found Maodeor's Distillery.
  8274 | D:10     | Bought a potion of heal wounds for 80 gold pieces
  8350 | D:10     | Reached skill level 9 in Dodging
  8381 | D:10     | Identified the +2 pair of boots of Laykh {rN+++ Will-
                  | Dex+5}
  8397 | D:10     | Found a shimmering altar of Xom.
  8458 | D:10     | Reached skill level 10 in Dodging
  8619 | D:10     | Reached skill level 5 in Shapeshifting
  8754 | D:10     | Reached ** piety under Dithmenos
  8757 | D:10     | Reached skill level 11 in Dodging
  8757 | D:10     | Reached XP level 10. HP: 47/47 MP: 11/11
  8757 | D:10     | Gained a life (2 lives remaining)
  8770 | D:10     | Found a bloodstained altar of Trog.
  9283 | D:11     | Found a staircase to the Lair.
  9488 | D:11     | Reached skill level 12 in Dodging
  9987 | Lair:1   | Entered Level 1 of the Lair of Beasts
 10088 | Lair:1   | Noticed a cane toad
 10127 | Lair:1   | Noticed a cane toad
 10137 | Lair:1   | Killed a cane toad
 10251 | Lair:1   | Killed a cane toad
 10392 | Lair:1   | Noticed a black mamba
 10397 | Lair:1   | Killed a black mamba
 10422 | Lair:1   | Found the +8 trident of the Octopus King {venom, rElec
                  | rPois}
 10577 | Lair:1   | Noticed a cane toad
 10584 | Lair:1   | Killed a cane toad
 10585 | Lair:1   | Reached skill level 13 in Dodging
 10694 | Lair:1   | Noticed a death yak
 10695 | Lair:1   | Noticed a death yak
 10771 | Lair:1   | Noticed a death yak
 10965 | Lair:2   | Noticed an elephant
 10969 | Lair:2   | Noticed an elephant
 10970 | Lair:2   | Noticed an elephant
 11186 | Lair:2   | Reached skill level 10 in Stealth
 11186 | Lair:2   | Reached XP level 11. HP: 32/51 MP: 12/12
 11197 | Lair:2   | Noticed Prince Ribbit
 11210 | Lair:2   | Killed Prince Ribbit
 11225 | Lair:2   | Reached skill level 14 in Dodging
 11483 | Lair:2   | Reached *** piety under Dithmenos
 11517 | Lair:3   | HP: 2/52 [poisoned by a killer bee]
 11522 | Lair:3   | HP: 1/52 [poisoned by a killer bee]
 11524 | Lair:3   | Succumbed to a killer bee's poison
 11524 | Lair:3   | Lost a life (1 life remaining)
 11579 | Lair:3   | Found a staircase to the Swamp.
 11584 | Lair:3   | Noticed a skyshark
 11771 | Lair:3   | Killed a skyshark
 11772 | Lair:3   | Reached skill level 15 in Dodging
 12604 | Lair:4   | Noticed Rupert
 12609 | Lair:4   | Killed Rupert
 12610 | Lair:4   | Reached skill level 16 in Dodging
 12850 | Lair:3   | Reached skill level 17 in Dodging
 12850 | Lair:3   | Gained mutation: Your thick and shaggy fur keeps you warm.
                  | (AC +3, rC+) [Felid growth]
 12850 | Lair:3   | Reached XP level 12. HP: 37/56 MP: 13/13
 13489 | Lair:4   | Noticed an eight-headed hydra
 13499 | Lair:4   | HP: 1/56 [eight-headed hydra (5)]
 13499 | Lair:4   | Mangled by an eight-headed hydra
 13499 | Lair:4   | Lost a life (0 lives remaining)
 14072 | Lair:4   | Killed an eight-headed hydra
 14250 | Lair:4   | Noticed a death yak
 14309 | Lair:4   | HP: 2/58 [bullfrog (4)]
 14309 | Lair:4   | Mangled by a skyshark

Illustrated notes

Levels and vault maps discovered:
D:1:      scummos_arrival_simple_fountains, layout_basic
D:2:      layout_rooms, lemuel_flame_loot_1, uniq_jessica
D:3:      layout_basic, mainiacjoe_overflow_tiny_flanked, minitemple
D:4:      minmay_diamond_boxcup, layout_rooms,
          nicolae_ru_great_annihilating_truth, minmay_temple_entry_offerings
D:5:      layout_basic, serial_shops, kennysheep_little_box, shop, shop,
          shop_statue, nicolae_shop_crystal, uniq_sigmund, uniq_pikel,
          uniq_edmund
D:6:      layout_basic, uniq_maggie
D:7:      layout_layer_cave, grunt_gozag_breadcrumbs, lemuel_round_altar,
          nicolae_take_the_stairs
D:8:      layout_basic, lemuel_round_altar, nicolae_stop_n_shop_2
D:9:      layout_long_grid, orc_0_dummy
D:10:     argonaut_augean_stables, layout_loops_ring, bloody_trog,
          nicolae_overflow_crystal_walls, serial_shops, shop,
          kennysheep_generic_room_3
D:11:     layout_basic, lair_entry_dummy, gauntlet_entry_generic
Temple:   hellmonk_temple_flake
Lair:1:   layout_concentric_octagons
Lair:2:   layout_roguey, hellmonk_spider_entry_not_the_bees, uniq_prince_ribbit2
Lair:3:   layout_cave_pods, swamp_mist_pool, chequers_serial_rivers_micro_c,
          grunt_megastairs_2
Lair:4:   layout_roguey, chequers_serial_rivers_micro_d,
          pdpol_lair_cavern_descent, uniq_rupert

Skill      XL: |  1  2  3  4  5  6  7  8  9 10 11 12 |
---------------+-------------------------------------+-----
Shapeshifting  | 3 4 5 6 |  6.5
Dodging        | 3 4 5 7 11 13 17 | 17.4
Stealth        | 1 2 3 4 5 7 10 11 12 | 12.0
Unarmed Combat | 4 5 6 7 9 10 12 13 14 | 14.1
Fighting       | 2 3 |  3.7
Evocations     | 1 2 |  2.1

Action                     |  1- 3 |  4- 6 |  7- 9 | 10-12 || total
---------------------------+-------+-------+-------+-------++-------
  Melee: Unarmed           |    70 |   175 |   230 |   396 ||   871
         Bite              |     7 |    15 |    34 |    57 ||   113
         Punch             |     2 |     7 |    12 |    35 ||    56
  Evoke: Wand              |       |       |     5 |     5 ||    10
    Use: Scroll            |     1 |    12 |     3 |     4 ||    20
         Potion            |       |     5 |     4 |    10 ||    19
   Stab: Sleeping          |     3 |     5 |     7 |    24 ||    39
         Distracted        |       |       |     2 |     1 ||     3
 Armour: Skin              |    11 |    47 |    79 |    89 ||   226
  Dodge: Dodged            |    47 |   130 |   251 |   541 ||   969
